 Dungeon Crawl Stone Soup version 0.28.0-45-g0d030f2227 (webtiles) character file.

Game seed: 15113401286392759444

195 Kangaroobicon the Cudgeller (level 5, -3/53 HPs)
             Began as a Troll Berserker on Apr 19, 2022.
             Was a Believer of Trog.
             Killed from afar by an orc wizard (9 damage)
             ... with a puff of flame
             ... on level 3 of the Dungeon.
             The game lasted 00:14:10 (2041 turns).

Kangaroobicon the Cudgeller (Troll Berserker)       Turns: 2041, Time: 00:14:11

Health: -3/53      AC:  4    Str: 25    XL:     5   Next: 45%
Magic:  4/4        EV: 10    Int:  3    God:    Trog [**....]
Gold:   135        SH:  0    Dex: 11    Spells: 4/4 levels left

rFire   . . .      SeeInvis .   a - +0 mace
rCold   . . .      Faith    .   (no shield)
rNeg    . . .      Spirit   .   b - +0 animal skin
rPois   .          Reflect  .   (helmet restricted)
rElec   .          Harm     .   (no cloak)
rCorr   .          Rampage  .   (gloves unavailable)
Will    .....                   (boots unavailable)
Stlth   +.........              s - amulet of regeneration
HPRegen 1.77/turn               (no ring)
MPRegen 0.09/turn               (no ring)

@: no status effects
A: large, unfitting armour, claws 3, regeneration 1, shaggy fur 1, tough skin 1
a: Renounce Religion, Berserk, Trog's Hand


You were on level 3 of the Dungeon.
You worshipped Trog.
Trog was pleased with you.
You visited 1 branch of the dungeon, and saw 3 of its levels.

You collected 135 gold pieces.

Inventory:

Hand Weapons
 a - a +0 mace (weapon)
 m - a +0 dagger of freezing
 r - a +0 hunting sling
Missiles
 e - 12 bolts
 k - 102 stones (quivered)
 l - 11 poisoned darts
 n - 10 sling bullets
 t - a throwing net
Armour
 b - a +0 animal skin (worn)
Jewellery
 s - an amulet of regeneration (around neck)
Scrolls
 d - a scroll of amnesia {unknown}
 g - a scroll of magic mapping {unknown}
 h - a scroll of enchant armour {unknown}
 i - a scroll of fear {unknown}
Potions
 c - 3 potions of curing {unknown}
 f - a potion of haste {unknown}
 j - a potion of invisibility {unknown}
 o - a potion of resistance {unknown}
 p - a potion of heal wounds {unknown}
 q - a potion of might {unknown}


   Skills:
 + Level 3.3 Fighting
 + Level 4.2 Maces & Flails
 + Level 3.2 Dodging
 + Level 0.4 Stealth


You had 4 spell levels left.
You didn't know any spells.
Your spell library contained the following spells:

 Spells                   Type           Power      Damage    Failure   Level
 Leda's Liquefaction      Hex/Erth       0%         N/A       99%         4
 Lee's Rapid Deconstruct  Erth           0%         3d5*      100%        5
 Statue Form              Tmut/Erth      0%         N/A       100%        6


Dungeon Overview and Level Annotations

Branches:
Dungeon (3/15)

Altars:


Innate Abilities, Weirdness & Mutations

You are too large for most types of armour.
You have claws for hands.
Your natural rate of healing is unusually fast.
You are covered in fur. (AC +1)
You have tough skin. (AC +1)


Message History

You are confused.
You completely miss the orc wizard.
The orc wizard is lightly wounded.
Deactivating autopickup; reactivate with Ctrl-A.
You barely miss something.
The orc wizard hits you but does no damage.
You hear some strange, mumbled words.
A puff of flame appears from out of thin air!
The puff of flame hits you! The orc wizard barely misses you.
You closely miss the orc wizard.
The orc wizard is lightly wounded.
Something hits you but does no damage.
The orc wizard hits you but does no damage.
The orc closely misses you. Something hits you but does no damage.
You closely miss the orc wizard.
The orc wizard is lightly wounded.
You feel less confused.
The orc wizard hits you but does no damage.
The orc hits you with a +0 mace.
You hear some strange, mumbled words.
A magic dart appears from out of thin air!
The magic dart hits you.
* * * LOW HITPOINT WARNING * * *
You closely miss the orc. The orc wizard barely misses you.
The orc closely misses you.
You hear some strange, mumbled words.
A magic dart appears from out of thin air!
The magic dart hits you!
* * * LOW HITPOINT WARNING * * *
The orc throws a boomerang.
The boomerang closely misses you.
You hit the orc but do no damage.
The orc wizard hits you but does no damage.
The orc hits you with a +0 mace.
* * * LOW HITPOINT WARNING * * *
Something hits you but does no damage.
Unknown command.
You barely miss the orc.
The orc wizard points at you and mumbles some strange words.
The puff of flame hits you!
You die...

##### #.... .
###....#.
........##
.........#####
#.......{o{o#
##..$...o)##@#
..........##o##
#..............
.........>##.###
####......##.#
##+##.###.. ...
... ##.#### .#


You could see an orc wizard and 2 orcs.

Vanquished Creatures
  A centaur (D:3)
  Jessica (D:2)
  3 adders (D:2)
  2 worms (D:2)
  2 dart slugs (D:1)
  2 orcs (D:3)
  5 ball pythons
  4 endoplasms
  6 giant cockroaches
  5 goblins
  5 hobgoblins
  2 kobolds (D:2)
  A quokka (D:2)
  5 bats
  2 frilled lizards (D:1)
  2 rats
48 creatures vanquished.

Notes
Turn   | Place    | Note
-------+----------+-------------------------------------------
     0 | D:1      | Kangaroobicon the Troll Berserker began the quest for the
                  | Orb.
     0 | D:1      | Reached XP level 1. HP: 22/22 MP: 0/0
   251 | D:1      | Reached XP level 2. HP: 29/29 MP: 1/1
   259 | D:1      | Found a faded altar of an unknown god.
   297 | D:1      | Reached skill level 3 in Maces & Flails
  1036 | D:2      | Reached XP level 3. HP: 36/36 MP: 2/2
  1072 | D:2      | Reached ** piety under Trog
  1134 | D:2      | Noticed Jessica
  1142 | D:2      | Killed Jessica
  1162 | D:2      | Reached XP level 4. HP: 45/45 MP: 3/3
  1998 | D:3      | Noticed a centaur
  2003 | D:3      | Killed a centaur
  2004 | D:3      | Reached skill level 4 in Maces & Flails
  2004 | D:3      | Reached XP level 5. HP: 40/53 MP: 4/4
  2041 | D:3      | Killed from afar by an orc wizard

Illustrated notes

Levels and vault maps discovered:
D:1:      kilobyte_arrival_exit_the_forest, layout_basic,
          basic_ecumenical_altar, minmay_heptomino_d4
D:2:      layout_loops_ring, uniq_jessica
D:3:      layout_loops_ring, serial_rivers, chequers_serial_rivers_micro_c,
          chequers_serial_rivers_micro_a, chequers_serial_rivers_micro_a,
          chequers_serial_rivers_room_a, chequers_serial_rivers_large_a,
          chequers_serial_rivers_small_a, gammafunk_ghost_icy

Skill      XL: |  1  2  3  4 |
---------------+-------------+-----
Maces & Flails | 3 4 |  4.2
Fighting       | 3 |  3.3
Dodging        | 3 |  3.2
Stealth        | |  0.4

Action                   |  1- 3 |  4- 6 || total
-------------------------+-------+-------++-------
Melee: Mace              |   109 |    66 ||   175
 Stab: Sleeping          |     1 |     2 ||     3
Armor: Animal skin       |    40 |    41 ||    81
Dodge: Dodged            |    65 |    59 ||   124
